[Event "41st Amateur D7"]
[Site "ChessGUI4"]
[Date "2013.07.07"]
[Round "17.3"]
[White "ChessKiss 1.7 64-bit"]
[Black "Waxman 2011"]
[Result "1/2-1/2"]
[BlackElo "2256"]
[ECO "D55"]
[EventDate "2013.??.??"]
[TimeControl "40/1500:40/1500:40/1500"]
[WhiteElo "2214"]

{ i5 Quad } 1.Nf3 d5 2.d4 Nf6 3.c4 e6 4.Nc3 Be7 5.Bg5 h6 6.Bxf6 Bxf6 7.e3 O-O 8.Rc1 c6 9.Be2 Re8
{ [%eval -51,12] [%emt 0:00:40] (a5) } 10.O-O
{ [%eval 55,12] [%emt 0:00:42] (O-O) } 10...b6
{ [%eval -52,12] [%emt 0:00:50] (Be7) } 11.Bd3
{ [%eval 68,11] [%emt 0:00:40] (e4) } 11...Nd7
{ [%eval -46,12] [%emt 0:00:37] (Bb7) } 12.cxd5
{ [%eval 84,13] [%emt 0:00:40] (e4) } 12...exd5
{ [%eval -41,11] [%emt 0:00:11] (exd5) } 13.e4
{ [%eval 78,13] [%emt 0:00:36] (Qa4) } 13...dxe4
{ [%eval -52,12] [%emt 0:00:35] (Nf8) } 14.Nxe4
{ [%eval 132,12] [%emt 0:00:38] (Nxe4) } 14...Qc7
{ [%eval -56,12] [%emt 0:00:42] (c5) } 15.d5
{ [%eval 171,11] [%emt 0:00:36] (Nxf6) } 15...c5
{ [%eval -42,12] [%emt 0:00:48] (c5) } 16.Qb3
{ [%eval 158,11] [%emt 0:00:34] (Qb3) } 16...Qf4
{ [%eval -35,12] [%emt 0:01: 07] (g6) } 17.Rfe1
{ [%eval 141,10] [%emt 0:00:33] (Rfe1) } 17...Bb7
{ [%eval -19,12] [%emt 0:01:05] (Bb7) } 18.Rcd1
{ [%eval 132,10] [%emt 0:00:32] (Qa4) } 18...Rad8
{ [%eval -23,11] [%emt 0:01:03] (Bd4) } 19.Bc2
{ [%eval 122,10] [%emt 0:00:32] (Qa4) } 19...Ne5
{ [%eval 0,11] [%emt 0:00:52] (a6) } 20.Nxe5
{ [%eval 56,11] [%emt 0: 00:31] (Re3) } 20...Qxe5
{ [%eval -1,12] [%emt 0:01:11] (Rxe5) } 21.Nxf6+
{ [%eval 131, 10] [%emt 0:00:30] (Qa4) } 21...Qxf6
{ [%eval 0,12] [%emt 0:00:37] (Qxf6) } 22.Re3
{ [%eval 96,11] [%emt 0:00:29] (Be4) } 22...Qg5
{ [%eval 8,12] [%emt 0:00:41] (Re5) } 23.Re4
{ [%eval 82,11] [%emt 0:00:28] (Rxe8) } 23...Kf8
{ [%eval 38,12] [%emt 0:00:33] (Rf8) } 24.Rxe8+
{ [%eval 88,10] [%emt 0:00:27] (h4) } 24...Rxe8
{ [%eval 83,12] [%emt 0:00:20] (Rxe8) } 25.g3
{ [%eval 45,12] [%emt 0:00:32] (g3) } 25...Re2
{ [%eval 83,12] [%emt 0:00:39] (Re2) } 26.Qc4
{ [%eval 32,12] [%emt 0:00:26] (a3) } 26...Rd2
{ [%eval 44,12] [%emt 0:00:44] (Rd2) } 27.Rxd2
{ [%eval 35,14] [%emt 0:00:25] (Rxd2) } 27...Qxd2
{ [%eval 39,12] [%emt 0:00:12] (Qxd2) } 28.Be4
{ [%eval -23,13] [%emt 0:00: 24] (Bb3) } 28...Kg8
{ [%eval 48,12] [%emt 0:01:00] (Qxb2) } 29.Kg2
{ [%eval 62,13] [%emt 0:00:22] (h4) } 29...g6
{ [%eval 5,13] [%emt 0:00:49] (Qd4) } 30.Qb3
{ [%eval 59, 14] [%emt 0:00:15] (b3) } 30...Qd4
{ [%eval 2,13] [%emt 0:00:33] (Qd4) } 31.Bf3
{ [%eval 32,13] [%emt 0:00:15] (Bf3) } 31...h5
{ [%eval -4,14] [%emt 0:00:49] (Ba6) } 32.Kg1
{ [%eval 99,13] [%emt 0:00:22] (h3) } 32...Qf6
{ [%eval 1,13] [%emt 0:00:52] (c4) } 33.Kg2
{ [%eval 103,13] [%emt 0:00:21] (Bg2) } 33...Bc8
{ [%eval 1,13] [%emt 0:00:43] (Qd4) } 34.h3
{ [%eval 109,11] [%emt 0:00:11] (Qc3) } 34...Bf5
{ [%eval 0,14] [%emt 0: 00:55] (Bd7) } 35.Qa3
{ [%eval 103,13] [%emt 0:00:20] (Qc3) } 35...a6
{ [%eval 1,14] [%emt 0:00:51] (Qd4) } 36.g4
{ [%eval 113,12] [%emt 0:00:20] (Qc3) } 36...hxg4
{ [%eval 4,14] [%emt 0:00:41] (Bc8) } 37.hxg4
{ [%eval 121,14] [%emt 0:00:21] (hxg4) } 37...Bc8
{ [%eval 0,14] [%emt 0:00:38] (Bc8) } 38.Qe3
{ [%eval 121,13] [%emt 0:00:19] (Qa4) } 38...Bd7
{ [%eval 5,14] [%emt 0:00:40] (Bd7) } 39.b3
{ [%eval 113,13] [%emt 0:00:18] (Qd2) } 39...Kg7
{ [%eval 5,13] [%emt 0:00:25] (Qd6) } 40.Kg3
{ [%eval 136,14] [%emt 0:00:16] (a4) } 40...Qd6+
{ [%eval -6,13] [%emt 0:00:26] (Kf8) } 41.Qf4
{ [%eval 195,18] [%emt 0:00:41] (Qf4) } 41...Qxf4+
{ [%eval -12,15] [%emt 0:00:11] (Qxf4) } 42.Kxf4
{ [%eval 200,18] [%emt 0:00:46] (Kxf4) } 42...f6
{ [%eval -99,14] [%emt 0:00:34] (f6) } 43.d6
{ [%eval 165,18] [%emt 0:00:53] (d6) } 43...a5
{ [%eval -99,14] [%emt 0:00:47] (Kf7) } 44.Ke4
{ [%eval 190,16] [%emt 0:00:43] (Bb7) } 44...Kf7
{ [%eval -89,14] [%emt 0:00:36] (Bc6) } 45.Kd5
{ [%eval 222,19] [%emt 0:00:55] (Kd5) } 45...a4
{ [%eval -96,14] [%emt 0:00:30] (a4) } 46.Bd1
{ [%eval 232,19] [%emt 0: 00:53] (Bd1) } 46...a3
{ [%eval -97,15] [%emt 0:00:45] (axb3) } 47.f4
{ [%eval 246,19] [%emt 0:00:51] (Bc2) } 47...Kf8
{ [%eval -106,16] [%emt 0:00:34] (Ke8) } 48.Be2
{ [%eval 233,18] [%emt 0:00:50] (Bc2) } 48...Ke8
{ [%eval -102,15] [%emt 0:00:24] (Ke8) } 49.g5
{ [%eval 234,20] [%emt 0:00:47] (Bd3) } 49...Kf7
{ [%eval -121,16] [%emt 0:00: 51] (Kf7) } 50.Bf3
{ [%eval 263,19] [%emt 0:00:37] (gxf6) } 50...fxg5
{ [%eval -134,16] [%emt 0:00:32] (Kg7) } 51.fxg5
{ [%eval 265,21] [%emt 0:00:46] (fxg5) } 51...Bb5
{ [%eval -134,16] [%emt 0:00:42] (Ke8) } 52.Bg2
{ [%eval 264,20] [%emt 0:00:45] (Be4) } 52...Ke8
{ [%eval -134,17] [%emt 0:00:29] (Bd7) } 53.Be4
{ [%eval 293,22] [%emt 0:00:43] (Be4) } 53...Kf7
{ [%eval -134,17] [%emt 0:00:24] (Kf7) } 54.Ke5
{ [%eval 256,20] [%emt 0:00:43] (Ke5) } 54...Bd7
{ [%eval -134,17] [%emt 0:00:41] (Bd7) } 55.Kd5
{ [%eval 253,20] [%emt 0:00:38] (Bf3) } 55...Bb5
{ [%eval 0,18] [%emt 0:00:35] (Bb5) } 56.Ke5 Bd7
{ [%eval 0,20] [%emt 0:00:55] (Bd7) } 57.Bd3 Bh3
{ [%eval -134,17] [%emt 0:00: 30] (Bg4) } 58.Bc4+
{ [%eval 313,21] [%emt 0:00:38] (Bc4) } 58...Ke8
{ [%eval -146,18] [%emt 0:00:54] (Ke8) } 59.Bb5+
{ [%eval 330,21] [%emt 0:00:37] (Kf6) } 59...Kf7
{ [%eval -134,17] [%emt 0:00:34] (Kf7) } 60.Bc4+
{ [%eval 352,22] [%emt 0:00:36] (Bd3) } 60...Ke8
{ [%eval 0,20] [%emt 0:00:30] (Ke8) } 61.Bb5+ Kf7
{ [%eval 0,20] [%emt 0:00:37] (Kf7) } 62.Bd3 Bg4
{ [%eval -134,16] [%emt 0:00:14] (Bg4) } 63.Bc4+
{ [%eval 221,20] [%emt 0:00:33] (b4) } 63...Ke8
{ [%eval -146,18] [%emt 0:00:32] (Ke8) } 64.Bb5+
{ [%eval 256,20] [%emt 0:00:32] (Kf6) } 64...Kf7
{ [%eval -122,16] [%emt 0:00:26] (Kf7) } 65.Kd5
{ [%eval 278,19] [%emt 0:00:31] (Ba6) } 65...Bf3+
{ [%eval 0,19] [%emt 0:00:40] (Bf3) } 66.Ke5
{ [%eval 306,20] [%emt 0:00:30] (Ke5) } 66...Bg4
{ [%eval 0,20] [%emt 0:01:04] (Bh5) } 67.Bd3 Bh3
{ [%eval 0,20] [%emt 0:00:59] (Bd7) } 68.Be2 Ke8
{ [%eval -109, 16] [%emt 0:00:40] (Bf5) } 69.Kd5
{ [%eval 190,20] [%emt 0:00:27] (Kf6) } 69...Bg2+
{ [%eval -62,16] [%emt 0:00:25] (Bg2) } 70.Ke5
{ [%eval 86,22] [%emt 0:00:27] (Kc4) } 70...Bh3
{ [%eval 0,20] [%emt 0:00:46] (Bh3) } 71.Kd5 Bg2+
{ [%eval 0,20] [%emt 0:00:38] (Bg2) } 72.Kc4 Kd7 { [%eval -34,17] [%emt 0:00:55] (Kd7) } 73.Bd3
{ [%eval 72,21] [%emt 0:00:24] (Bd3) } 73...Kxd6
{ [%eval -28,16] [%emt 0:00:29] (Kxd6) } 74.Bxg6
{ [%eval 86,19] [%emt 0:00:24] (Bxg6) } 74...Ke5
{ [%eval -13,16] [%emt 0:00:50] (Bf1) } 75.Bb1
{ [%eval 86,19] [%emt 0:00:23] (Kb5) } 75...Bf1+
{ [%eval 0,18] [%emt 0:00:58] (Bf1) } 76.Kc3
{ [%eval 60,20] [%emt 0:00:22] (Kc3) } 76...Bh3
{ [%eval 0,18] [%emt 0: 00:47] (Bh3) } 77.Kc4
{ [%eval 60,19] [%emt 0:00:23] (Kc4) } 77...Bf1+
{ [%eval 0,18] [%emt 0:00:39] (Bf1) } 78.Kc3 Bh3 { [%eval 0,18] [%emt 0:00:44] (Bh3) } 79.Bd3 Be6
{ [%eval 1,16] [%emt 0:00:36] (Bg4) } 80.Bf1
{ [%eval 34,18] [%emt 0:00:20] (Bb1) } 80...Bf5
{ [%eval 6,15] [%emt 0:00:13] (Bf5) } 81.b4
{ [%eval 0,23] [%emt 0:01:01] (b4) } 81...Kf4
{ [%eval 0,18] [%emt 0:01:33] (Bb1) } 82.bxc5
{ [%eval 0,24] [%emt 0:00:43] (bxc5) } 82...bxc5
{ [%eval 0,18] [%emt 0:01:55] (bxc5) } 83.Bd3
{ [%eval 0,27] [%emt 0:00:59] (Kb3) } 83...Be6
{ [%eval -10,18] [%emt 0:01:02] (Be6) } 84.Bc4
{ [%eval 0,26] [%emt 0:00:57] (Bc4) } 84...Bf5
{ [%eval -19,18] [%emt 0:01:11] (Bf5) } 85.Bd3
{ [%eval 0,29] [%emt 0:00:53] (Bf7) } 85...Be6
{ [%eval 0,20] [%emt 0:01:04] (Be6) } 86.Bc4 Bf5 { [%eval 0,20] [%emt 0:00:59] (Bf5) } 87.Bd3 1/2-1/2

[Event "41st Amateur D7"]
[Site "ChessGUI4"]
[Date "2013.07.07"]
[Round "17.4"]
[White "FireFly 2.6.0 64-bit"]
[Black "Gibbon 2.57a 64-bit"]
[Result "1-0"]
[BlackElo "2251"]
[ECO "D60"]
[EventDate "2013.??.??"]
[TimeControl "40/1500:40/1500:40/1500"]
[WhiteElo "2258"]

{ i5 Quad } 1.d4 d5 2.c4 c6 3.Nf3 Nf6 4.Nc3 e6 5.Bg5 Be7 6.e3 O-O 7.Bd3 Nbd7 8.O-O dxc4 9.Bxc4 Nb6 { [%eval -38,14] [%emt 0:01:49] (Nd5) } 10.Bd3
{ [%eval 72,12] [%emt 0:00:56] (Bd3) } 10...Nbd5
{ [%eval -37,13] [%emt 0:00:45] (Nfd5) } 11.Qb1
{ [%eval 76,12] [%emt 0:00:55] (Qb3) } 11...h6
{ [%eval -34,14] [%emt 0:01:04] (Nxc3) } 12.Bh4
{ [%eval 76,12] [%emt 0:00:55] (Bxf6) } 12...Qc7
{ [%eval -32,11] [%emt 0:00:23] (Nb4) } 13.e4
{ [%eval 74, 12] [%emt 0:00:54] (Rc1) } 13...Nf4
{ [%eval -23,13] [%emt 0:00:30] (Nxc3) } 14.Bxf6
{ [%eval 88,12] [%emt 0:00:53] (Rd1) } 14...Bxf6
{ [%eval 24,12] [%emt 0:00:07] (gxf6) } 15.e5
{ [%eval 83,12] [%emt 0:00:52] (Bc4) } 15...Be7
{ [%eval 26,14] [%emt 0:00:22] (Be7) } 16.Bh7+
{ [%eval 60,12] [%emt 0:00:52] (Bc4) } 16...Kh8
{ [%eval 34,11] [%emt 0:00:01] (Kh8) } 17.Bc2
{ [%eval 54,12] [%emt 0:00:51] (Be4) } 17...Bd7
{ [%eval 26,13] [%emt 0:00:28] (Bd7) } 18.Qc1
{ [%eval 56,11] [%emt 0:00:50] (Bb3) } 18...Ng6
{ [%eval 32,14] [%emt 0:00:38] (Nd5) } 19.Rd1
{ [%eval 64,11] [%emt 0:00:49] (a3) } 19...Rfd8
{ [%eval 29,13] [%emt 0:00:47] (Kg8) } 20.Bxg6
{ [%eval 69,12] [%emt 0:00: 48] (Bd3) } 20...fxg6
{ [%eval 49,13] [%emt 0:00:08] (fxg6) } 21.Qc2
{ [%eval 58,12] [%emt 0:00:39] (Ne4) } 21...Be8
{ [%eval 60,14] [%emt 0:00:31] (Be8) } 22.Ne2
{ [%eval 57,11] [%emt 0:00:39] (Rac1) } 22...g5
{ [%eval 66,14] [%emt 0:00:37] (g5) } 23.Nd2
{ [%eval 46,11] [%emt 0:00:38] (Qc4) } 23...Bh5
{ [%eval 71,12] [%emt 0:00:18] (Rac8) } 24.Nb3
{ [%eval 47,11] [%emt 0:00:38] (Ne4) } 24...Qb6
{ [%eval 66,12] [%emt 0:00:30] (Kg8) } 25.Re1
{ [%eval 54,11] [%emt 0:00:38] (f3) } 25...Bb4
{ [%eval 67,13] [%emt 0:00:20] (Kg8) } 26.Nc3
{ [%eval 52,11] [%emt 0:00:37] (Nc3) } 26...Bg4
{ [%eval 60,13] [%emt 0:00:49] (Bg4) } 27.Qd3
{ [%eval 51,11] [%emt 0:00:37] (Qd3) } 27...Be7
{ [%eval 60,13] [%emt 0:00:25] (Bf5) } 28.Ne4
{ [%eval 52,11] [%emt 0:00: 36] (Ne4) } 28...Bf5
{ [%eval 61,13] [%emt 0:00:30] (Bf5) } 29.Qc4
{ [%eval 46,11] [%emt 0:00:36] (Qc4) } 29...Qb4
{ [%eval 57,13] [%emt 0:00:19] (a5) } 30.Qxb4
{ [%eval 38,12] [%emt 0:00:35] (Qxb4) } 30...Bxb4
{ [%eval 39,13] [%emt 0:00:02] (Bxb4) } 31.Re3
{ [%eval 36,12] [%emt 0:00:35] (Re3) } 31...b6
{ [%eval 52,14] [%emt 0:00:13] (Kg8) } 32.Rc1
{ [%eval 70,12] [%emt 0:00:34] (Rc1) } 32...Rac8
{ [%eval 47,15] [%emt 0:00:18] (Rac8) } 33.f3
{ [%eval 60,12] [%emt 0:00:34] (a3) } 33...Bg6
{ [%eval 50,14] [%emt 0:00:16] (a5) } 34.a3
{ [%eval 61,12] [%emt 0:00:33] (a3) } 34...Be7
{ [%eval 47, 15] [%emt 0:00:14] (Be7) } 35.Rec3
{ [%eval 52,13] [%emt 0:00:33] (Rec3) } 35...Be8
{ [%eval 46,15] [%emt 0:00:17] (Be8) } 36.Rc4
{ [%eval 51,12] [%emt 0:00:32] (Rc4) } 36...Kg8
{ [%eval 45,15] [%emt 0:00:52] (Kg8) } 37.a4
{ [%eval 50,11] [%emt 0:00:31] (Kf2) } 37...a5
{ [%eval 64,13] [%emt 0:00:13] (Rd5) } 38.Nc3
{ [%eval 49,11] [%emt 0: 00:30] (Kf2) } 38...Bd7
{ [%eval 64,15] [%emt 0:00:18] (Bd7) } 39.Ra1
{ [%eval 46,12] [%emt 0:00:29] (Ne4) } 39...Kh7
{ [%eval 70,13] [%emt 0:00:12] (Rf8) } 40.Ne4
{ [%eval 54,12] [%emt 0:00:29] (Rc1) } 40...Be8
{ [%eval 64,14] [%emt 0:00:29] (Kg8) } 41.Rc2
{ [%eval 50,12] [%emt 0:00:43] (Rac1) } 41...h5
{ [%eval 74,14] [%emt 0:00:53] (Bb4) } 42.Rc4
{ [%eval 51,12] [%emt 0:00:43] (Rc4) } 42...Kg6
{ [%eval 68,15] [%emt 0: 01:49] (Bg6) } 43.Rc3
{ [%eval 56,11] [%emt 0:00:43] (Kf2) } 43...Bb4
{ [%eval 74,14] [%emt 0:00:33] (Kh7) } 44.Rcc1
{ [%eval 58,11] [%emt 0:00:43] (Rc4) } 44...Rb8
{ [%eval 74,14] [%emt 0:00:42] (Kh6) } 45.Kf2
{ [%eval -5,12] [%emt 0:00:42] (Rc4) } 45...Bd7
{ [%eval 69,14] [%emt 0:00:40] (c5) } 46.Rc2
{ [%eval 52,11] [%emt 0:00:42] (Ke3) } 46...Be8
{ [%eval 56,15] [%emt 0:01:03] (Be8) } 47.Ke3
{ [%eval 36,11] [%emt 0: 00:42] (Ke3) } 47...Rbc8
{ [%eval 31,15] [%emt 0:02:07] (Rd5) } 48.Rc4
{ [%eval 42,11] [%emt 0:00:42] (Nc1) } 48...Be7
{ [%eval 56,14] [%emt 0:00:40] (Rd5) } 49.Kf2
{ [%eval 56,11] [%emt 0:00:41] (g4) } 49...Bd7
{ [%eval 69,14] [%emt 0:00:47] (Kh7) } 50.Kf1
{ [%eval 60,11] [%emt 0:00:41] (Ke3) } 50...Be8
{ [%eval 69,15] [%emt 0:00:38] (Be8) } 51.Kg1
{ [%eval 57,12] [%emt 0:00:41] (Ke2) } 51...Kh6
{ [%eval 69,14] [%emt 0: 00:31] (Kh6) } 52.Rac1
{ [%eval 54,11] [%emt 0:00:41] (Kf2) } 52...Kg6
{ [%eval 69,16] [%emt 0:00:50] (Bb4) } 53.Kf2
{ [%eval 56,11] [%emt 0:00:40] (Ra1) } 53...Kh6
{ [%eval 65,13] [%emt 0:00:28] (Rb8) } 54.Ke1
{ [%eval 49,11] [%emt 0:00:40] (Ke3) } 54...Kg6
{ [%eval 65,14] [%emt 0:00:30] (Bb4) } 55.Ke2
{ [%eval 50,11] [%emt 0:00: 40] (Ke2) } 55...Kh6
{ [%eval 57,15] [%emt 0:01:16] (Rb8) } 56.Nbd2
{ [%eval 49,11] [%emt 0:00:39] (Ke3) } 56...Kg6
{ [%eval 36,13] [%emt 0:00:22] (Bb4) } 57.Ke3
{ [%eval 48,11] [%emt 0:00:39] (g4) } 57...Bb4
{ [%eval 20,14] [%emt 0:00:28] (Rd5) } 58.g4
{ [%eval 47,11] [%emt 0:00:39] (Rxb4) } 58...Rc7
{ [%eval 12,14] [%emt 0:00:36] (h4) } 59.gxh5+
{ [%eval 74,11] [%emt 0:00:38] (R4c2) } 59...Kxh5
{ [%eval 0,15] [%emt 0: 00:29] (Kxh5) } 60.Rg1
{ [%eval 62,12] [%emt 0:00:38] (R4c2) } 60...Be7
{ [%eval 1,14] [%emt 0:00:50] (Be7) } 61.Rc3
{ [%eval 65,12] [%emt 0:00:38] (h3) } 61...Rb8
{ [%eval 2,13] [%emt 0:00:23] (Kh6) } 62.Nd6
{ [%eval 112,12] [%emt 0:00:37] (Nc4) } 62...Bd7
{ [%eval -47,15] [%emt 0:01:04] (c5) } 63.N2e4
{ [%eval 138,12] [%emt 0:00:37] (Rgc1) } 63...Kh4
{ [%eval 0,11] [%emt 0:00:22] (Rf8) } 64.Ke2
{ [%eval 188,11] [%emt 0:00:37] (Rb3) } 64...Ra7
{ [%eval -102,14] [%emt 0:00:59] (Rf8) } 65.Rb3
{ [%eval 177, 10] [%emt 0:00:36] (f4) } 65...b5
{ [%eval -91,14] [%emt 0:00:59] (b5) } 66.f4
{ [%eval 188,12] [%emt 0:00:36] (Rg4) } 66...Rf8
{ [%eval -117,13] [%emt 0:00:26] (Rf8) } 67.Nxg5
{ [%eval 260,12] [%emt 0:00:35] (axb5) } 67...Bxg5
{ [%eval -211,13] [%emt 0: 00:15] (Bxg5) } 68.Rxg5
{ [%eval 398,12] [%emt 0:00:17] (Rxg5) } 68...Be8
{ [%eval -610,15] [%emt 0:00:33] (Bc8) } 69.Nxe8
{ [%eval 716,13] [%emt 0:00:33] (Nxe8) } 69...Rf5
{ [%eval -721,14] [%emt 0:00:10] (Rxf4) } 70.Rg6
{ [%eval 1030,13] [%emt 0: 00:22] (Rxf5) } 70...Rxf4
{ [%eval -870,14] [%emt 0:00:15] (Rxf4) } 71.Rbg3
{ [%eval 1008,13] [%emt 0:00:18] (Rbg3) } 71...Kh5
{ [%eval -989,16] [%emt 0:00:27] (Kh5) } 72.Nxg7+
{ [%eval 1088,13] [%emt 0:00:18] (Nxg7) } 1-0